 Dungeon Crawl Stone Soup version 0.29.1-2-gbd0b4ee654 (webtiles) character file.

Game seed: 13380990965306186675

78 raph the Chopper (level 4, 0/39 HPs)
             Began as a Minotaur Fighter on Oct 31, 2022.
             Was a Plaything of Xom.
             Slain by a gnoll
             ... wielding a +0 spear
              (6 damage)
             ... on level 3 of the Dungeon.
             The game lasted 00:02:41 (1905 turns).

raph the Chopper (Minotaur Fighter)                 Turns: 1905, Time: 00:02:41

Health: 0/39       AC: 10    Str: 21    XL:     4   Next: 15%
Magic:  3/3        EV:  9    Int:  5    God:    Xom [..*...]
Gold:   276        SH:  5    Dex: 13    Spells: 3/3 levels left

rFire   . . .      SeeInvis .   a - +0 war axe
rCold   . . .      Faith    .   c - +0 buckler
rNeg    . . .      Spirit   .   b - +0 scale mail
rPois   .          Reflect  .   (helmet restricted)
rElec   .          Harm     .   e - +2 cloak of the Shouting Gods {Fly Dex+2 Slay+2}
rCorr   .          Rampage  .   (no gloves)
Will    .....                   (no boots)
Stlth   ..........              (no amulet)
HPRegen 0.13/turn               (no ring)
MPRegen 0.08/turn               (no ring)

@: flying
A: horns 2, retaliatory headbutt
a: Renounce Religion


You were on level 3 of the Dungeon.
You worshipped Xom.
You were a toy of Xom.
You visited 1 branch of the dungeon, and saw 3 of its levels.

You collected 276 gold pieces.

Inventory:

Hand Weapons
 a - a +0 war axe (weapon)
Missiles
 j - 6 boomerangs (quivered)
Armour
 b - a +0 scale mail (worn)
 c - a +0 buckler (worn)
 e - the +2 cloak of the Shouting Gods (worn) {Fly Dex+2 Slay+2}
   (You found it on level 2 of the Dungeon)

   Dex:       It affects your dexterity (+2).
   Slay:      It affects your accuracy & damage with ranged weapons and melee
   (+2).
   Fly:       It grants you flight.
 h - a +1 cloak
Scrolls
 i - a scroll of magic mapping
Potions
 d - 2 potions of might
 f - a potion of magic {unknown}
 g - 3 potions of flight {unknown}
 n - a potion of mutation {unknown}
 p - a potion of lignification {unknown}


   Skills:
 - Level 3.6 Fighting
 + Level 5.4 Axes
 - Level 3.6 Armour
 - Level 3.6 Shields


You had 3 spell levels left.
You didn't know any spells.
Your spell library contained the following spells:

 Spells                   Type           Power      Damage    Failure   Level
 Gell's Gravitas          Tloc           0%         N/A       99%         3
 Lesser Beckoning         Tloc           0%         N/A       99%         3
 Teleport Other           Tloc           0%         N/A       99%         3


Dungeon Overview and Level Annotations

Branches:
Dungeon (3/15)

Altars:
Xom


Innate Abilities, Weirdness & Mutations

You have a pair of horns on your head.
You reflexively headbutt those who attack you in melee.


Message History

Done exploring.
Done exploring.
There is a stone staircase leading down here.
You fly downwards.
The gnoll shouts! x3; You hear a shout! x2
There is a stone staircase leading up here.
You slash the gnoll! Your headbutt misses the gnoll.
The gnoll is severely wounded.
The gnoll hits you with a +0 spear.
A goblin comes into view. It is wielding a +0 dagger.
The gnoll hits you from afar with a +0 spear.
You slash the gnoll!
You kill the gnoll!
The gnoll hits you from afar with a +0 spear.
A goblin comes into view. It is wielding a +0 club.
The gnoll hits you but does no damage.
You closely miss the gnoll.
The gnoll hits you from afar with a +0 spear.
The gnoll hits you with a +0 spear.
You hit the gnoll.
The gnoll is lightly wounded.
The gnoll barely misses you. The gnoll hits you with a +0 spear.
The gnoll hits you from afar with a +0 spear!
The gnoll hits you but does no damage.
You are too injured to fight recklessly!
You are too injured to fight recklessly!
You are too injured to fight recklessly!
You are too injured to fight recklessly!
You are too injured to fight recklessly!
You slash the gnoll!
The gnoll is severely wounded.
You closely miss the goblin.
The gnoll hits you from afar with a +0 spear!
* * * LOW HITPOINT WARNING * * *
You emit a cloud of colourful smoke!
The goblin hits you but does no damage. The gnoll barely misses you.
The gnoll barely misses you. You block the goblin's attack.
There is a stone staircase leading up here.
The gnoll hits you from afar with a +0 spear.
You die...

# ##+#.# .....#
###.....#
.#.####§g.....#
......g§@g....#
.#.####g#)....#
..§........
......#.##...
........#.# ..
.######.#.# #
## #


You could see 2 gnolls and 2 goblins.

Vanquished Creatures
  2 adders (D:2)
  A gnoll (D:3)
  3 worms (D:2)
  A dart slug (D:2)
  3 ball pythons
  6 bats
  6 endoplasms
  2 giant cockroaches (D:1)
  4 goblins
  2 hobgoblins
  A quokka (D:1)
  A frilled lizard (D:2)
  3 kobolds
  2 rats
37 creatures vanquished.

Vanquished Creatures (others)
  5 toadstools (D:1)
5 creatures vanquished.

Grand Total: 42 creatures vanquished

Notes
Turn   | Place    | Note
-------+----------+-------------------------------------------
     0 | D:1      | raph the Minotaur Fighter began the quest for the Orb.
     0 | D:1      | Reached XP level 1. HP: 19/19 MP: 0/0
   118 | D:1      | Reached skill level 3 in Axes
   272 | D:1      | Found a faded altar of an unknown god.
   299 | D:1      | Prayed at the altar of an unknown god.
   299 | D:1      | Became a worshipper of Xom of Chaos
   303 | D:1      | Reached XP level 2. HP: 26/26 MP: 1/1
   379 | D:1      | XOM: silly message
   383 | D:1      | XOM: divination: magic mapping
   773 | D:1      | Reached skill level 4 in Axes
   833 | D:1      | XOM: divination: detect creatures
  1089 | D:2      | Reached XP level 3. HP: 31/31 MP: 2/2
  1196 | D:2      | XOM: 3-stop teleportation journey
  1279 | D:2      | XOM: 1-stop teleportation journey
  1584 | D:2      | XOM: god gift: 58 gold pieces
  1683 | D:2      | Reached skill level 5 in Axes
  1713 | D:2      | Identified the +2 cloak of the Shouting Gods {Fly Dex+2
                  | Slay+2}
  1781 | D:2      | Reached XP level 4. HP: 39/39 MP: 3/3
  1903 | D:3      | XOM: smoke on damage
  1905 | D:3      | Slain by a gnoll

Illustrated notes

Levels and vault maps discovered:
D:1:      lightli_arrival_farm, layout_loops_ring, basic_ecumenical_altar,
          chequers_arboretum, minmay_gold_behind_fungi
D:2:      minmay_spotlight, layout_rooms
D:3:      layout_basic, trog_hazing_becter, serial_park_tiny_1,
          kennysheep_generic_room_3

Skill      XL: |  1  2  3 |
---------------+----------+-----
Axes           | 3 4 5 |  5.4
Fighting       | |  3.6
Armour         | |  3.6
Shields        | |  3.6

Action                   |  1- 3 |  4- 6 || total
-------------------------+-------+-------++-------
Melee: War axe           |    79 |     7 ||    86
       Headbutt          |     9 |       ||     9
  Use: Scroll            |     6 |       ||     6
Armor: Scale mail        |    37 |     4 ||    41
Dodge: Dodged            |    21 |     3 ||    24
Block: Buckler           |    20 |     1 ||    21
